 Dungeon Crawl Stone Soup version 0.17-a0-1450-g7e755d1 (webtiles) character file.

125 Ironic the Cutter (level 4, -4/30 HPs)
             Began as a Demonspawn Enchanter on June 30, 2015.
             Splashed by a jelly's acid (7 damage)
             ... on level 2 of the Dungeon.
             The game lasted 00:06:06 (2251 turns).

Ironic the Cutter (Demonspawn Enchanter)            Turns: 2251, Time: 00:06:06

Health: -4/30      AC:  6    Str:  8    XL:     4   Next: 82%
Magic:  3/7        EV: 13    Int: 17    God:
Gold:   124        SH:  0    Dex: 14    Spells: 3 memorised, 1 level left

rFire  . . .     SeeInvis .     i - +3 short sword
rCold  . . .     Clarity  .     b - +1 robe
rNeg   . . .     SustAt   .     (no shield)
rPois  .         Gourm    .     (no helmet)
rElec  .         Spirit   .     (no cloak)
rCorr  .         Warding  .     (no gloves)
rMut   .         Stasis   .     j - +2 pair of boots
MR     .....                    (no amulet)
Stlth  +++.......               p - +1 ring of evasion
                                o - ring of wizardry

@: corroded equipment, not resistant to hostile enchantments, fairly stealthy
A: talons 1, iridescent scales 1, nightstalker 1
a: no special abilities


You were on level 2 of the Dungeon.
You were hungry.

You visited 1 branch of the dungeon, and saw 3 of its levels.

You collected 124 gold pieces.

Inventory:

Hand weapons
 a - a +1 dagger
 i - a +3 short sword (weapon)
Armour
 b - a +1 robe (worn)
 j - a +2 pair of boots (worn)
Jewellery
 n - an uncursed ring of ice
 o - a ring of wizardry (left hand)
 p - a +1 ring of evasion (right hand)
Scrolls
 e - a scroll of recharging {unknown}
 h - 5 scrolls of identify {unknown}
 l - a scroll of teleportation {unknown}
 q - a scroll of noise {unknown}
Potions
 g - a potion of curing {unknown}
 k - a potion of heal wounds {unknown}
 r - a potion of ambrosia {unknown}
Books
 c - a book of Maledictions

   Spells                             Type                      Level
   a - Corona                         Hexes                        1
   b - Ensorcelled Hibernation        Hexes/Ice                    2
   c - Confuse                        Hexes                        3
   d - Tukima's Dance                 Hexes                        3
   e - Dazzling Spray                 Conjuration/Hexes            3
Comestibles
 d - 2 bread rations
 f - a slice of pizza
 m - a royal jelly


   Skills:
 + Level 4.3 Short Blades
 - Level 1.7 Dodging
 - Level 2.6 Stealth
 - Level 2.0 Spellcasting
 - Level 3.0 Hexes


You had one spell level left.
You knew the following spells:

 Your Spells              Type           Power        Failure   Level  Hunger
a - Corona                Hex            ##.....      2%          1    #......
b - Ensorcelled Hibernat  Hex/Ice        #.....       7%          2    ###....
c - Confuse               Hex            ##......     7%          3    ###....


Dungeon Overview and Level Annotations

Branches:
Dungeon (3/15)

Altars:
Makhleb
Nemelex Xobeh


Innate Abilities, Weirdness & Mutations

You have sharp toenails.
You are partially covered in iridescent scales (AC +4).
You are slightly more attuned to the shadows.


Message History

Casting: Ensorcelled Hibernation
Confirm with . or Enter, or press ? or * to list all spells.
Aiming: Ensorcelled Hibernation
Press: ? - help, Shift-Dir - straight line, f/p - jelly
Aim: a jelly (chance to defeat MR: 47%)
The jelly resists with some effort.
The jelly hits you.
You are splashed with acid!
The acid burns!
* * * LOW HITPOINT WARNING * * *
You see here a short sword.
The jelly jiggles.
You see here a short sword.
Casting: Ensorcelled Hibernation
Confirm with . or Enter, or press ? or * to list all spells.
Aiming: Ensorcelled Hibernation
Press: ? - help, Shift-Dir - straight line, f/p - jelly
Aim: a jelly (chance to defeat MR: 47%)
The jelly resists with some effort.
The jelly hits you.
* * * LOW HITPOINT WARNING * * *
You are splashed with acid!
The acid corrodes you!
The acid burns!
You die...

#...####.### #......#.#
#..>.....# ######......###
#...........#########
#####...................
#....J......)..######...
#...#####..........#....
###..)J@#......###......
#####.....########....
##.##............. ########
###.##.............
.......########...#..............
###..........#..##...........#...
#####...##.#.###.............##
###.....................###
########....................


You could see a jelly.

Vanquished Creatures
  5 adders
  2 oozes (D:1)
  2 worms (D:2)
  A giant gecko (D:1)
  7 bats
  2 giant cockroaches
  6 goblins
  6 hobgoblins
  10 jackals
  15 giant newts
  5 kobolds
  7 rats
68 creatures vanquished.

Notes
Turn   | Place    | Note
--------------------------------------------------------------
     0 | D:1      | Ironic the Demonspawn Enchanter began the quest for the Orb.
     0 | D:1      | Reached XP level 1. HP: 13/13 MP: 3/3
    13 | D:1      | Reached skill level 1 in Short Blades
    51 | D:1      | Gained mutation: You are partially covered in iridescent scales (AC +4). [demonic ancestry]
    51 | D:1      | Reached XP level 2. HP: 2/19 MP: 3/5
   615 | D:1      | Gained mutation: You have sharp toenails. [demonic ancestry]
   615 | D:1      | Reached XP level 3. HP: 11/24 MP: 3/6
   892 | D:1      | HP: 1/24 [worm (6)]
  1167 | D:2      | Found a sparkling altar of Nemelex Xobeh.
  1183 | D:2      | Learned a level 2 spell: Ensorcelled Hibernation
  1187 | D:2      | Learned a level 3 spell: Confuse
  1330 | D:2      | Gained mutation: You are slightly more attuned to the shadows. [demonic ancestry]
  1330 | D:2      | Reached XP level 4. HP: 23/30 MP: 7/7
  1621 | D:2      | Reached skill level 4 in Short Blades
  1648 | D:2      | Found a burning altar of Makhleb.
  2251 | D:2      | Splashed by a jelly's acid

Vault maps used:
D:1:      minmay_arrival_arboretum_small
D:2:      nicolae_overflow_crystal_walls, lightli_temple_of_fire,
          interstate_on_off, dk_noncrumbling_2, st_stairs_7, minmay_newt_pond
D:3:      kennysheep_big_empty_room

Action                   |  1- 3 |  4- 6 || total
-------------------------+-------+-------++-------
Melee: Dagger            |   109 |       ||   109
       Short sword       |    71 |    71 ||   142
 Cast: Corona            |     7 |       ||     7
       Ensorcelled Hiber |     1 |    18 ||    19
 Stab: Sleeping          |     5 |     5 ||    10
       Distracted        |       |     1 ||     1
  Eat: Chunk             |     2 |     3 ||     5
